 Dungeon Crawl Stone Soup version 0.28-a0-1624-g820543e53a (webtiles) character file.

Game seed: 5476476525017743182

25 HallandMoats the Vandal (level 3, 30/30 HPs)
             Began as a Ghoul Hunter on Jan 23, 2022.
             Was a Follower of Nemelex Xobeh.
             Safely got out of the dungeon.
             The game lasted 00:01:19 (810 turns).

HallandMoats the Vandal (Ghoul Hunter)               Turns: 810, Time: 00:01:19

Health: 30/30      AC:  5    Str: 15    XL:     3   Next: 6%
Magic:  2/2        EV: 11    Int:  6    God:    Nemelex Xobeh [*.....]
Gold:   41         SH:  0    Dex: 11    Spells: 2/2 levels left

rFire   . . .      SeeInvis .   b - +2 dagger (speed)
rCold   + . .      Faith    .   (no shield)
rNeg    + + +      Spirit   .   g - +0 ring mail
rPois   ∞          Reflect  .   (no helmet)
rElec   .          Harm     .   (no cloak)
rCorr   .          Rampage  .   (no gloves)
Will    .....                   (no boots)
Stlth   +.........              (no amulet)
HPRegen 0.10/turn               (no ring)
MPRegen 0.08/turn               (no ring)

@: no status effects
A: claws 1, cold resistance 1, negative energy resistance 3, inhibited
regeneration, torment resistance 2
a: Renounce Religion, Draw Escape, Draw Destruction, Draw Summoning


You escaped.
You worshipped Nemelex Xobeh.
Nemelex Xobeh was aware of your devotion.
You visited 1 branch of the dungeon, and saw 1 of its levels.

You collected 41 gold pieces.

Inventory:

Hand Weapons
 a - a +1 hunting sling
 b - a +2 dagger of speed (weapon)
Missiles
 c - 43 stones
 d - 12 sling bullets
Armour
 g - a +0 ring mail (worn)
Scrolls
 h - a scroll of teleportation {unknown}
Potions
 e - a potion of invisibility {unknown}
 f - 2 potions of curing {unknown}


   Skills:
 + Level 2.5 Fighting
 * Level 4.0 Slings
 + Level 0.8 Armour
 + Level 2.1 Dodging
 - Level 1.1 Stealth


You had 2 spell levels left.
You didn't know any spells.
Your spell library was empty.

Dungeon Overview and Level Annotations

Branches:
Dungeon (1/15)

Altars:
Nemelex Xobeh


Innate Abilities, Weirdness & Mutations

You thrive by killing the living.
You are immune to poison.
You have sharp fingernails.
Your flesh is cold resistant. (rC+)
You are immune to negative energy. (rN+++)
You do not regenerate when monsters are visible.
You are immune to unholy pain and torment.


Message History

a sling bullet; a +0 club; a goblin corpse Your claws tingle!
b - a +2 dagger of speed (weapon)
The giant cockroach bites you but does no damage.
You hit the giant cockroach.
The giant cockroach is moderately wounded.
The giant cockroach barely misses you.
You hit the giant cockroach.
The giant cockroach is severely wounded.
You hit the giant cockroach.
The giant cockroach is almost dead.
The giant cockroach completely misses you.
You hit the giant cockroach.
You kill the giant cockroach!
You see here a giant cockroach corpse.
d - 12 sling bullets (gained 1)
Things that are here:
a +0 club; a goblin corpse You see here a giant cockroach corpse.
There is a faded altar of an unknown god here.
You cannot tell which god this altar belongs to.
Convert to them anyway?
Nemelex Xobeh accepts your prayer! Nemelex Xobeh welcomes you!
You can now draw from decks of power.
Nemelex will now gift you decks of power as you gain piety.
Nemelex Xobeh deals you some cards!
You now have 12 destruction cards and 1 summoning card.
(D) Dungeon
Where to? (? - help)
What level of the Dungeon? (default 1, ? - help)
You see here a giant cockroach corpse.
Things that are here:
a +0 club; a goblin corpse
There is an open door here.
There is a stone staircase leading down here.
You see here a bat corpse.
There is an open door here.
There is a staircase leading out of the dungeon here.
Are you sure you want to leave the Dungeon?
This will make you lose the game!
You have escaped!

#.# #..#####.# .# #.# ###'###
#†###.##### #.# ##≈♣.♣≈##
#.†........ #.# #≈≈♣.♣≈≈#
#.##.###### ####.#
#≈≈♣.♣≈≈###.##.# .....#
#≈♣...♣≈#...##.###### .#####
#♣.....♣##...........
..######## #>#.#.#
#.###.######
#........#######@#####.###...
..####......## ####
#...##.### ...†...#.###^##
#.# ###...##
.#######.##...###.# #..## .#
#..........# #..# ##
####...###.#####..## ##.##
#.#...#...## #.#
#..###..#..###. #.#####.#
#.†......>


There were no monsters in sight!

Vanquished Creatures
  An endoplasm (D:1)
  2 giant cockroaches (D:1)
  A goblin (D:1)
  3 hobgoblins (D:1)
  4 jackals (D:1)
  2 ball pythons (D:1)
  4 bats (D:1)
  3 frilled lizards (D:1)
  2 kobolds (D:1)
  4 rats (D:1)
26 creatures vanquished.

Notes
Turn   | Place    | Note
-------+----------+-------------------------------------------
     0 | D:1      | HallandMoats the Ghoul Hunter began the quest for the Orb.
     0 | D:1      | Reached XP level 1. HP: 17/17 MP: 0/0
   262 | D:1      | Reached XP level 2. HP: 25/25 MP: 1/1
   714 | D:1      | Found a faded altar of an unknown god.
   717 | D:1      | Reached skill level 4 in Slings
   717 | D:1      | Reached XP level 3. HP: 30/30 MP: 2/2
   732 | D:1      | Prayed at the altar of an unknown god.
   732 | D:1      | Became a worshipper of Nemelex Xobeh the Trickster
   732 | D:1      | Reached * piety under Nemelex Xobeh
   732 | D:1      | Received a gift from Nemelex Xobeh
   810 | D:$      | Safely got out of the dungeon.

Illustrated notes

Levels and vault maps discovered:
D:1:      saegor_arrival_simple_d, layout_loops_ring,
          shapermc_ecumenical_altar_notcrosses, minmay_unequal

Skill      XL: |  1  2 |
---------------+-------+-----
Dodging        | 2 |  2.1
Slings         | 4 |  4.0
Fighting       | |  2.5
Armour         | |  0.8
Stealth        | |  1.1

Action                   || total
-------------------------++-------
Melee: Short sword       ||     1
       Dagger            ||     4
 Fire: Hunting sling     ||    69
Armor: Leather armour    ||     7
       Ring mail         ||     3
Dodge: Dodged            ||    22

Table legend: (Time is in decaauts)
 A = Elapsed time spent in this place.
 B = Non-inter-level travel time spent in this place.
 C = Inter-level travel time spent in this place.
 D = Time resting spent in this place.
 E = Time spent auto-exploring this place.
 F = Levels seen in this place.
 G = Mean time per level.
                   A        B        C        D        E       F      G
               +--------+--------+--------+--------+--------+-----+--------+
         Total |    808 |    732 |     76 |      0 |    566 |   1 |  808.0 |
       Dungeon |    808 |    732 |     76 |      0 |    566 |   1 |  808.0 |
               +--------+--------+--------+--------+--------+-----+--------+

Top non-repeatable levels by time:
     D:1: 808 daAuts
